 Dungeon Crawl Stone Soup version 0.29-a0-234-g0dae59b3db (webtiles) character file.

Game seed: 2400901846249069657

25 n8rtot the Skirmisher (level 3, -1/40 HPs)
             Began as an Ogre Berserker on Mar 2, 2022.
             Was a Follower of Trog.
             Succumbed to an adder's poison
             ... on level 2 of the Dungeon.
             The game lasted 00:03:41 (1203 turns).

n8rtot the Skirmisher (Ogre Berserker)              Turns: 1203, Time: 00:03:41

Health: -1/40      AC:  3    Str: 23    XL:     3   Next: 4%
Magic:  3/3        EV: 10    Int:  8    God:    Trog [*.....]
Gold:   58         SH:  0    Dex:  8    Spells: 2/2 levels left

rFire   . . .      SeeInvis .   a - +0 hand axe
rCold   . . .      Faith    .   (no shield)
rNeg    . . .      Spirit   .   b - +0 animal skin
rPois   .          Reflect  .   (helmet restricted)
rElec   .          Harm     .   (no cloak)
rCorr   .          Rampage  .   (gloves unavailable)
Will    .....                   (boots unavailable)
Stlth   +.........              (no amulet)
HPRegen 0.13/turn               (no ring)
MPRegen 0.08/turn               (no ring)

@: lethally poisoned (-1 -> -8)
A: large, unfitting armour, tough skin 1
a: Renounce Religion, Berserk


You were on level 2 of the Dungeon.
You worshipped Trog.
Trog was aware of your devotion.
You visited 1 branch of the dungeon, and saw 2 of its levels.

You collected 58 gold pieces.

Inventory:

Hand Weapons
 a - a +0 hand axe (weapon)
 l - a +0 club
Missiles
 f - 5 poisoned darts (quivered)
 g - 40 stones
Armour
 b - a +0 animal skin (worn)
Wands
 k - a wand of polymorph (14)
Scrolls
 c - a scroll of enchant weapon {unknown}
 d - 3 scrolls of identify {unknown}
 i - a scroll of teleportation {unknown}
 m - a scroll of enchant armour {unknown}
Potions
 e - 2 potions of brilliance {unknown}
 h - a potion of haste {unknown}
 j - a potion of curing {unknown}
 n - a potion of flight {unknown}


   Skills:
 + Level 4.5 Fighting
 + Level 3.4 Axes
 + Level 3.0 Dodging


You had 2 spell levels left.
You didn't know any spells.
Your spell library was empty.

Dungeon Overview and Level Annotations

Branches:
Dungeon (2/15)

Altars:


Innate Abilities, Weirdness & Mutations

You are too large for most types of armour.
You have tough skin. (AC +1)


Message History

You hit the adder but do no damage. The adder bites you but does no damage.
You hit the adder.
The adder is lightly wounded.
The adder bites you but does no damage. The adder bites you.
You are poisoned.
The adder poisons you!
You miss the adder.
The adder is lightly wounded.
You feel sick. The adder barely misses you.
You closely miss the adder.
The adder is lightly wounded.
You feel sick. The adder bites you.
You are more poisoned.
The adder poisons you! The adder misses you.
You miss the adder.
The adder is lightly wounded.
You feel sick. The adder misses you.
You closely miss the adder.
The adder is lightly wounded.
You feel sick. The adder bites you. x2
You are more poisoned.
The adder poisons you!
You barely miss the adder.
The adder is lightly wounded.
You feel sick. The adder bites you but does no damage.
You barely miss the adder.
The adder is lightly wounded.
You feel very sick. The adder bites you.
* * * LOW HITPOINT WARNING * * *
The adder misses you.
You feel sick. The adder bites you.
* * * LOW HITPOINT WARNING * * *
You are more poisoned.
The adder poisons you!
* * * LOW HITPOINT WARNING * * *
You feel very sick.
* * * LOW HITPOINT WARNING * * *
You feel sick. The adder bites you but does no damage.
You die...

####### #.....#
. .###@# ###.#
..#.# .....
#####.#S#.....#
....#.#.#......
........>....#
###.....#....#
.######..#....#
.........#
.....
.######.##
...##


You could see an adder.

Vanquished Creatures
  A dart slug (D:1)
  3 bats (D:1)
  2 endoplasms
  7 goblins
  A hobgoblin (D:1)
  2 kobolds
  A quokka (D:1)
  2 frilled lizards (D:2)
  A rat (D:1)
20 creatures vanquished.

Notes
Turn   | Place    | Note
-------+----------+-------------------------------------------
     0 | D:1      | n8rtot the Ogre Berserker began the quest for the Orb.
     0 | D:1      | Reached XP level 1. HP: 24/24 MP: 1/1
   206 | D:1      | Reached XP level 2. HP: 27/32 MP: 2/2
  1158 | D:2      | Reached XP level 3. HP: 40/40 MP: 3/3
  1201 | D:2      | HP: 2/40 [poisoned by an adder]
  1203 | D:2      | Succumbed to an adder's poison

Illustrated notes

Levels and vault maps discovered:
D:1:      scummos_arrival_forest, layout_loops_ring
D:2:      layout_basic, uniq_robin

Skill      XL: |  1  2 |
---------------+-------+-----
Dodging        | 3 |  3.0
Fighting       | |  4.5
Axes           | |  3.4

Action                   || total
-------------------------++-------
Melee: Hand axe          ||    84
       Punch             ||     2
Armor: Animal skin       ||    37
Dodge: Dodged            ||    46

Table legend: (Time is in decaauts)
 A = Elapsed time spent in this place.
 B = Non-inter-level travel time spent in this place.
 C = Inter-level travel time spent in this place.
 D = Time resting spent in this place.
 E = Time spent auto-exploring this place.
 F = Levels seen in this place.
 G = Mean time per level.
                   A        B        C        D        E       F      G
               +--------+--------+--------+--------+--------+-----+--------+
         Total |   1214 |   1214 |      0 |      0 |    943 |   2 |  607.0 |
       Dungeon |   1214 |   1214 |      0 |      0 |    943 |   2 |  607.0 |
               +--------+--------+--------+--------+--------+-----+--------+

Top non-repeatable levels by time:
     D:1: 972 daAuts
     D:2: 242 daAuts
